 Dungeon Crawl Stone Soup version 0.18.1-47-g9310371 (webtiles) character file.

3189 M4edhros the Spear-Bearer (level 9, -5/53 HPs)
             Began as an Octopode Artificer on June 13, 2016.
             Was a Priest of Fedhas.
             Slain by a basilisk (9 damage)
             ... on level 8 of the Dungeon.
             The game lasted 00:14:43 (8073 turns).

M4edhros the Spear-Bearer (Octopode Artificer)      Turns: 8073, Time: 00:14:44

Health: -5/53      AC:  1    Str: 11 (13) XL:     9   Next: 96%
Magic:  14/14      EV:  2    Int: 16      God:    Fedhas [***...]
Gold:   719        SH:  0    Dex: 16 (18) Spells: 0 memorised, 8 levels left

rFire  . . .     SeeInvis .     r - +0 blowgun
rCold  . . .     Gourm    .     (no shield)
rNeg   + + +     Faith    .     (helmet restricted)
rPois  ∞         Spirit   .     D - amulet of dismissal
rElec  .         Dismiss  +     k - ring of poison resistance
rCorr  .         Reflect  .     p - ring of stealth
SustAt .         Harm     .     J - +3 ring of strength
MR     .....                    (no ring)
Stlth  +++++.....               (no ring)
                                (no ring)
                                (no ring)
                                (no ring)

@: petrified, not resistant to hostile enchantments, quite stealthy
A: almost no armour, amphibious, 8 rings, constrict 8, camouflage 1, agile 1,
clever 1, frail 1, gelatinous body 1
a: Evolution, Sunlight, Growth, Renounce Religion


You were on level 8 of the Dungeon.
You worshipped Fedhas.
Fedhas was most pleased with you.
You were not hungry.

You visited 2 branches of the dungeon, and saw 9 of its levels.
You also visited: Ossuary.

You collected 719 gold pieces.

Inventory:

Hand Weapons
 a - a +0 short sword
 h - a +0 halberd
 l - a +1 flail of venom
 r - a +0 blowgun (weapon)
Missiles
 s - 4 poisoned needles (quivered)
Jewellery
 k - a ring of poison resistance (left tentacle)
 p - a ring of stealth (right tentacle)
 D - an amulet of dismissal (around mantle)
 J - a +3 ring of strength (on tentacle)
 K - an uncursed ring of flight {unknown}
Wands
 b - a wand of flame (0/48)
 c - a wand of enslavement (10/24)
 d - a wand of random effects (0/48)
 I - a wand of digging (14/24)
Scrolls
 e - 7 scrolls of remove curse
 g - a scroll of fog
 i - 4 scrolls of enchant armour
 j - a scroll of identify
 M - a scroll of enchant weapon {unknown}
 N - a scroll of vulnerability
 O - a scroll of noise
Potions
 B - 2 potions of invisibility
 C - 2 potions of flight
 E - a potion of might
Books
 F - a book of Death

   Spells                             Type                      Level
   a - Corpse Rot                     Necromancy                   2
   b - Sublimation of Blood           Necromancy                   2
   c - Agony                          Necromancy                   5
   d - Dispel Undead                  Necromancy                   5
   e - Excruciating Wounds            Charms/Necromancy            5
   f - Bolt of Draining               Conjuration/Necromancy       5
Comestibles
 f - 7 bread rations
 n - 3 beef jerkies
 q - 2 meat rations


   Skills:
 + Level 4.7 Fighting
 - Level 1.0 Short Blades
 + Level 9.7 Polearms
 + Level 5.0 Dodging
 - Level 3.3 Stealth
 * Level 6.9 Invocations
 - Level 3.2 Evocations


You had 8 spell levels left.
You didn't know any spells.

Dungeon Overview and Level Annotations

Branches:
Dungeon (8/15)             Temple (1/1) D:5
   Lair: D:8-11

Altars:
Ashenzari
Cheibriados
Dithmenos
Elyvilon
Fedhas
Gozag
Kikubaaqudgha
Makhleb
Nemelex Xobeh
Okawaru
Pakellas
Qazlal
Ru
Sif Muna
Trog
Vehumet
Xom
Yredelemnul
Zin
The Shining One

Shops:
D:8 =


Innate Abilities, Weirdness & Mutations

You cannot wear most types of armour.
You are amphibious.
You can wear up to eight rings at the same time.
You can use your tentacles to constrict eight enemies at once.
Your skin changes colour to match your surroundings (Stealth).
Your rubbery body absorbs attacks (AC +1).
You are agile. (Dex +2)
Your mind is acute. (Int +2)
You are frail (-10% HP).


Message History

Unknown command.
Read which item? (? for menu, Esc to quit)
Charge which item? (? for menu, Esc to quit)
As you read the scroll of recharging, it crumbles to dust.
Your wand of enslavement (0/24) glows for a moment and now has 11 charges.
The basilisk gazes at you. You resist with some effort.
Your limbs are stiffening.
Evoke which item? (* to show all) (? for menu, Esc to quit)
Zapping:
c - a wand of enslavement (11/24)
Press: ? - help, Shift-Dir - straight line, f/p - basilisk
Aim: a basilisk (chance to defeat MR: 52%)
The basilisk resists with significant effort.
This wand has 10 charges left.
The basilisk gazes at you.
Your limbs have turned to stone.
You have turned to stone.
The basilisk bites you.
* * * LOW HITPOINT WARNING * * *
The basilisk bites you!!
You die...
Fedhas appreciates your contribution to the ecosystem.

#.*#....#*,*#....#
#.##...#*,,,##...##
#.#...#*,,*..##.f.##
#....#*,,**#..##..f###
#.(.#*,,**,*#..##..f.#
##.##,,**,,,*#..##.#.#
##ff.##,,**,,,*#..##...
#.##..##,,*,*,,*#.)##..
##.##.@##,,,**,,*#.....
##.##l.##,,,**,,##...#
#.f##..##,**,,##...##
#.#.##..##*,,##...##
#.##f##(.#,,##...##
#.###.##...##....# #.#
##.##.##...### #.#
##.###...## #.#
#..#f.f##


You could see a basilisk and 2 friendly wandering mushrooms.

Vanquished Creatures
  The ghost of Malvoorn the Grappler, a novice TrMo (Ossuary)
  Edmund (D:4)
  A troll (D:6)
  2 giant frogs (D:8)
  An orc warrior (D:8)
  A sky beast (D:5)
  An ogre (D:5)
  A centaur (D:6)
  A scorpion (D:5)
  7 howler monkeys
  A crimson imp (D:7)
  4 hounds
  A jelly (D:5)
  4 orc priests
  7 orc wizards
  2 centaur skeletons (Ossuary)
  A human skeleton (Ossuary)
  2 iguanas
  4 worker ants
  2 big kobold skeletons (Ossuary)
  2 mummies (Ossuary)
  4 gnolls
  9 adders
  2 oozes
  2 adder skeletons
  A worm (D:4)
  A dart slug (D:2)
  4 giant geckos
  25 orcs
  2 ball pythons
  2 bats
  7 giant cockroaches
  16 goblins
  12 hobgoblins
  15 jackals
  11 kobolds
  4 quokkas
  3 giant newts
  3 gnoll skeletons (Ossuary)
  A goblin skeleton (Ossuary)
  3 hobgoblin skeletons (Ossuary)
  A jackal zombie (D:6)
  2 orc skeletons (Ossuary)
  5 rats
182 creatures vanquished.

Vanquished Creatures (collateral kills)
  Sigmund (D:4)
  A hungry ghost (D:7)
  A water moccasin (D:8)
  A black bear (D:7)
  A phantom (D:8)
  2 ogres
  A big kobold (D:8)
  A howler monkey (D:8)
  A quasit (D:6)
  A giant frog skeleton (D:7)
  An orc wizard (D:8)
  An adder (D:8)
  A howler monkey skeleton (D:7)
  2 giant geckos
  2 orcs
  A giant cockroach (D:7)
  3 jackals (D:8)
  A kobold (D:8)
  A quokka skeleton (D:6)
24 creatures vanquished.

Vanquished Creatures (others)
  4 wandering mushrooms
  A centaur (D:6)
  2 worker ant zombies (D:6)
  An adder (D:4)
  An orc (D:8)
  112 toadstools
121 creatures vanquished.

Grand Total: 327 creatures vanquished

Notes
Turn   | Place    | Note
--------------------------------------------------------------
     0 | D:1      | M4edhros the Octopode Artificer began the quest for the Orb.
     0 | D:1      | Reached XP level 1. HP: 13/13 MP: 3/3
    24 | D:1      | Reached XP level 2. HP: 4/18 MP: 4/4
   328 | D:1      | Found an ancient bone altar of Kikubaaqudgha.
   424 | D:1      | Reached skill level 1 in Polearms
   492 | D:1      | Reached XP level 3. HP: 17/23 MP: 5/5
   560 | D:2      | Reached skill level 2 in Polearms
  1117 | D:4      | Reached skill level 3 in Polearms
  1117 | D:4      | Reached XP level 4. HP: 18/28 MP: 6/6
  1258 | D:4      | Noticed Edmund
  1337 | D:4      | Noticed Sigmund
  1347 | D:4      | Killed Sigmund
  1347 | D:4      | Reached skill level 5 in Polearms
  1347 | D:4      | Reached XP level 5. HP: 16/33 MP: 7/7
  1347 | D:4      | Reached XP level 6. HP: 18/38 MP: 8/8
  1356 | D:4      | Killed Edmund
  1356 | D:4      | Reached skill level 6 in Polearms
  1356 | D:4      | Reached XP level 7. HP: 23/43 MP: 9/9
  1380 | D:4      | Reached skill level 7 in Polearms
  1950 | D:4      | Found a white marble altar of Elyvilon.
  2092 | D:5      | Entered Level 5 of the Dungeon
  2381 | D:5      | Reached skill level 8 in Polearms
  2678 | D:5      | Found a staircase to the Ecumenical Temple.
  2776 | Temple   | Entered the Ecumenical Temple
  2893 | Temple   | Became a worshipper of Xom of Chaos
  2898 | Temple   | Fell from the grace of Xom
  2898 | Temple   | Became a worshipper of Fedhas Madash
  3545 | D:2      | Reached XP level 8. HP: 44/48 MP: 10/10
  3689 | D:2      | Found an opulent altar of Gozag.
  3707 | D:2      | Reached * piety under Fedhas
  4323 | D:3      | Reached skill level 1 in Invocations
  4398 | D:4      | XOM: give mutations
  4398 | D:4      | Gained mutation: Scrolls take you a little longer to read. [Xom's mischief]
  4398 | D:4      | Gained mutation: You are frail (-10% HP). [Xom's mischief]
  4398 | D:4      | Gained mutation: Potions and wands are less effective at restoring your health. [Xom's mischief]
  4398 | D:4      | Gained mutation: Your body sometimes deteriorates upon taking damage. [Xom's mischief]
  5037 | D:6      | Noticed a troll
  5057 | D:6      | Killed a troll
  5058 | D:6      | Reached ** piety under Fedhas
  5401 | D:6      | XOM: summons 3 hostile demons
  5575 | D:6      | Reached skill level 9 in Polearms
  5838 | D:6      | XOM: polymorph wandering mushroom -> shambling mangrove
  6022 | D:7      | Reached XP level 9. HP: 46/50 MP: 12/12
  6276 | D:7      | Found a shattered altar of Ashenzari.
  6277 | D:7      | Reached skill level 5 in Invocations
  6404 | D:7      | XOM: polymorph wandering mushroom -> oklob plant
  6520 | D:7      | XOM: polymorph shambling mangrove -> death cob
  6567 | D:7      | XOM: noise
  6781 | D:7      | Lost mutation: Your body sometimes deteriorates upon taking damage. [potion of cure mutation]
  6781 | D:7      | Lost mutation: Potions and wands are less effective at restoring your health. [potion of cure mutation]
  6781 | D:7      | Lost mutation: Scrolls take you a little longer to read. [potion of cure mutation]
  6782 | D:7      | Gained mutation: Your mind is acute. (Int +2) [potion of mutation]
  6782 | D:7      | Gained mutation: You are agile. (Dex +2) [potion of mutation]
  6878 | D:8      | Found Jepecwea's Jewellery Shop.
  6961 | D:8      | Found a sand-covered staircase.
  6967 | Ossuary  | Entered an ossuary
  6975 | Ossuary  | Noticed Malvoorn's ghost (novice TrMo)
  7076 | Ossuary  | XOM: 3-stop teleportation journey
  7214 | Ossuary  | Killed Malvoorn's ghost
  7235 | Ossuary  | Reached *** piety under Fedhas
  7500 | Ossuary  | XOM: scenery: create altars
  7574 | D:8      | XOM: noise
  7857 | D:8      | Reached skill level 5 in Dodging
  8073 | D:8      | Slain by a basilisk

Skill      XL: |  1  2  3  4  5  6  7  8  9 |
---------------+----------------------------+-----
Stealth        | 3 |  3.3
Polearms       | 1 3 5 6 8 9 |  9.7
Invocations    | 4 6 |  6.9
Fighting       | 3 4 |  4.7
Dodging        | 3 5 |  5.0
Short Blades   | |  1.0
Evocations     | |  3.2

Action                   |  1- 3 |  4- 6 |  7- 9 || total
-------------------------+-------+-------+-------++-------
Melee: Short sword       |     4 |       |       ||     4
       Tentacles         |     5 |       |    53 ||    58
       Constrict         |     6 |     1 |    77 ||    84
       Halberd           |    32 |     5 |   389 ||   426
 Fire: Blowgun           |       |       |     2 ||     2
Invok: Evolution         |       |       |     9 ||     9
       Sunlight          |       |       |     1 ||     1
Evoke: Wand              |     6 |    15 |    26 ||    47
  Use: Potion            |       |     3 |    13 ||    16
       Scroll            |       |       |    13 ||    13
 Stab: Sleeping          |     9 |     2 |    22 ||    33
       Distracted        |     1 |       |     2 ||     3
       Confused          |       |       |     1 ||     1
  Eat: Chunk             |       |       |     6 ||     6
       Meat ration       |       |       |     4 ||     4
Armor: Skin              |       |     1 |    50 ||    51
Dodge: Dodged            |    15 |     2 |   202 ||   219
